 Dungeon Crawl Stone Soup version 0.30.0-13-g156ef70053 (webtiles) character file.

Game seed: 16162256647063710570

340 monsoonserge the Trooper (level 6, -6/65 HPs)
             Began as an Ogre Cinder Acolyte on May 18, 2023.
             Was a High Priest of Ignis.
             Mangled by an ice beast (11 damage)
             ... on level 5 of the Dungeon.
             The game lasted 00:11:33 (3982 turns).

monsoonserge the Trooper (Ogre Cinder Acolyte)      Turns: 3982, Time: 00:11:34

Health: -6/65      AC: -8    Str: 19    XL:     6   Next: 56%
Magic:  0/8        EV:  9    Int: 17    God:    Ignis [*****.]
Gold:   215        SH:  5    Dex:  4    Spells: 4/8 levels left

rFire   + . .        f - +0 war axe
rCold   . . .        (no shield)
rNeg    . . .        b - +0 robe
rPois   .            (helmet restricted)
rElec   .            p - +0 cloak
rCorr   .            (gloves unavailable)
SInv    .            (boots unavailable)
Will    .....        j - amulet of reflection
Stlth   +            (no ring)
HPRegen 0.30/turn    (no ring)
MPRegen 0.11/turn

%: reflection
@: corroded
A: large, unfitting armour, tough skin 1
a: Renounce Religion, Fiery Armour, Foxfire Swarm, Rising Flame


You were on level 5 of the Dungeon.
You worshipped Ignis.
Ignis was extremely pleased with you.
You visited 1 branch of the dungeon, and saw 5 of its levels.

You collected 215 gold pieces.

Inventory:

Hand Weapons
 a - a -1 mace of flaming
 f - a +0 war axe (weapon)
 q - a +0 longbow
Missiles
 g - 4 boomerangs (quivered)
Armour
 b - a +0 robe (worn)
 p - a +0 cloak (worn)
Jewellery
 j - an amulet of reflection (around neck)
 t - a ring of ice
Wands
 r - a wand of acid (6)
 u - a wand of iceblast (8)
Scrolls
 e - a scroll of noise {unknown}
 i - 5 scrolls of identify {unknown}
 k - 5 scrolls of teleportation {unknown}
 n - 2 scrolls of immolation {unknown}
 o - a scroll of magic mapping {unknown}
 s - a scroll of enchant armour {unknown}
 v - a scroll of torment {unknown}
Potions
 c - a potion of mutation {unknown}
 d - a potion of might
 h - a potion of attraction {unknown}
 l - 3 potions of heal wounds {unknown}
 m - 2 potions of curing {unknown}


   Skills:
 + Level 4.9 Fighting
 + Level 3.6(4.2) Axes
 + Level 2.8(3.5) Maces & Flails
 + Level 0.1 Throwing
 + Level 2.2 Dodging
 + Level 1.2 Shields
 + Level 1.9 Spellcasting
 * Level 0.6 Translocations
 + Level 3.1 Fire Magic
 * Level 1.1 Evocations


You had 4 spell levels left.
You knew the following spells:

 Your Spells              Type           Power      Damage    Failure   Level
a - Scorch                Fire           24%        2d6       9%          2
b - Blink                 Tloc           6%         N/A       22%         2

Your spell library contained the following spells:

 Spells                   Type           Power      Damage    Failure   Level
 Freeze                   Ice            4%         1d3       21%         1
 Summon Small Mammal      Summ           4%         N/A       21%         1
 Lesser Beckoning         Tloc           6%         N/A       22%         2
 Momentum Strike          Conj/Tloc      4%         3d8       26%         2
 Portal Projectile        Hex/Tloc       4%         N/A       45%         3
 Call Canine Familiar     Summ           1%         N/A       52%         3
 Frozen Ramparts          Ice            2%         1d1       52%         3
 Hailstorm                Conj/Ice       1%         3d3       52%         3
 Summon Guardian Golem    Hex/Summ       1%         N/A       52%         3
 Leda's Liquefaction      Hex/Erth       0%         N/A       89%         4


Dungeon Overview and Level Annotations

Branches:
Dungeon (5/15)
 Temple: D:4-7

Altars:


Innate Abilities, Weirdness & Mutations

You are too large for most types of armour.
You have tough skin. (AC +1)


Message History

You hit the jelly but do no damage.
Your hands burn!
The jelly is almost dead.
The jelly barely misses you.
You completely miss the jelly.
The jelly is almost dead.
The jelly hits you. The acid corrodes you!
You are splashed with acid.
* * * LOW HITPOINT WARNING * * *
Okay, then.
Casting: Scorch (safe; 9% risk of failure)
Confirm with . or Enter, or press ? or * to list all spells.
Flames lash the jelly.
You kill the jelly!
Aiming: Corrosive Bolt
Press: ? - help, Shift-Dir - straight line, f - scorpion
Aim: a scorpion (71% to hit)
The bolt of acid hits the ice beast!
The acid corrodes the ice beast!
The ice beast is moderately wounded.
The bolt of acid hits the scorpion!
The acid corrodes the scorpion!
The scorpion is heavily wounded.
You block the ice beast's attack.
You slash the ice beast!
The ice beast is severely wounded.
The ice beast barely misses you. You block the ice beast's attack.
You closely miss the ice beast.
The ice beast is severely wounded.
The ice beast barely misses you.
You closely miss the ice beast.
The ice beast is severely wounded.
The ice beast hits you.
* * * LOW HITPOINT WARNING * * *
The ice beast freezes you.
* * * LOW HITPOINT WARNING * * *
Casting: Scorch (safe; 9% risk of failure)
Confirm with . or Enter, or press ? or * to list all spells.
Flames lash the orc.
The orc is severely wounded.
The orc's fire resistance burns away.
The ice beast hits you.
* * * LOW HITPOINT WARNING * * *
The ice beast freezes you!
You die...

##<................
##.....#.....#####
#######.#.###
#.....## ##.##...##
##..# ##..# ##..##
#.#
#..#######.######.
#........@........
##########Y#####.
#s..# ..#.# ...#...
..... ... ##....
#.... .#... ....
..##... ...


You could see an ice beast (corroded) and a scorpion (corroded).

Vanquished Creatures
  2 scorpions
  A jelly (D:5)
  Robin (D:2)
  4 gnolls (D:4)
  4 adders
  5 dart slugs
  7 endoplasms
  2 giant cockroaches (D:2)
  11 goblins
  4 hobgoblins
  14 jackals
  5 kobolds
  8 quokkas
  6 ball pythons
  13 bats
  5 rats
92 creatures vanquished.

Notes
Turn   | Place    | Note
-------+----------+-------------------------------------------
     0 | D:1      | monsoonserge the Ogre Cinder Acolyte began the quest for
                  | the Orb.
     0 | D:1      | Reached XP level 1. HP: 24/24 MP: 2/2
   181 | D:1      | Reached XP level 2. HP: 20/32 MP: 3/3
   205 | D:1      | Learned a level 2 spell: Scorch
   471 | D:1      | Reached skill level 1 in Axes
   689 | D:1      | Reached XP level 3. HP: 39/39 MP: 1/4
  1113 | D:2      | Reached skill level 1 in Dodging
  1333 | D:2      | Noticed Robin
  1347 | D:2      | Killed Robin
  1348 | D:2      | Reached XP level 4. HP: 10/49 MP: 5/5
  2661 | D:3      | Reached XP level 5. HP: 53/55 MP: 6/6
  2912 | D:3      | Found a faded altar of an unknown god.
  3094 | D:4      | Reached skill level 1 in Shields
  3267 | D:4      | Reached XP level 6. HP: 27/65 MP: 1/8
  3548 | D:4      | Learned a level 2 spell: Blink
  3624 | D:4      | Reached skill level 1 in Evocations
  3853 | D:5      | Entered Level 5 of the Dungeon
  3964 | D:5      | Noticed an ice beast
  3982 | D:5      | Mangled by an ice beast

Illustrated notes

Levels and vault maps discovered:
D:1:      dpeg_arrival_shelter, layout_basic, minmay_surrounded
D:2:      minmay_diamond_boxcup, layout_loops_ring, chequers_decorated_corner,
          minmay_misc_feat_alley, uniq_robin
D:3:      layout_basic, hellmonk_ecumenical_altar_dog_temple
D:4:      layout_rooms, chequers_serial_rivers_room_b, grunt_ministairs_3,
          chequers_serial_rivers_micro_d, wad_floor_pattern_2
D:5:      layout_rooms, minmay_temple_entry_wispy, gammafunk_ghost_nasty_kobolds

Skill      XL: |  1  2  3  4  5  6 |
---------------+-------------------+-----
Fire Magic     | 3 |  3.1
Axes           | 1 2 3 |  3.6
Dodging        | 1 2 |  2.2
Shields        | 1 |  1.2
Evocations     | 1 |  1.1
Fighting       | |  4.9
Maces & Flails | |  2.8
Throwing       | |  0.1
Spellcasting   | |  1.9
Translocations | |  0.6

Action                     |  1- 3 |  4- 6 || total
---------------------------+-------+-------++-------
  Melee: Mace              |    21 |       ||    21
         War axe           |   107 |   143 ||   250
  Throw: Boomerang         |     4 |       ||     4
   Cast: Scorch            |     2 |    13 ||    15
 Invoke: Fiery Armour      |     1 |       ||     1
  Evoke: Wand              |       |     1 ||     1
 Armour: Robe              |    88 |    46 ||   134
  Dodge: Dodged            |    94 |    77 ||   171
  Block: Other             |    11 |    46 ||    57
         Reflection        |     1 |       ||     1
